 Dungeon Crawl Stone Soup version 0.25-a0-510-ge065f6de7d (webtiles) character file.

Game seed: 12995546242709561989, levelgen mode: classic

191 EnegeticOcto the Chopper (level 5, -4/49 HPs)
             Began as a Deep Dwarf Fighter on Feb 15, 2020.
             Slain by an ogre
             ... wielding a +0 giant spiked club
              (16 damage)
             ... on level 4 of the Dungeon.
             The game lasted 00:01:25 (1164 turns).

EnegeticOcto the Chopper (Deep Dwarf Fighter)       Turns: 1164, Time: 00:01:25

Health: -4/49      AC: 11    Str: 20    XL:     5   Next: 41%
Magic:  3/3        EV:  4    Int:  9    God:
Gold:   7          SH:  9    Dex: 12    Spells: 4/4 levels left

rFire    . . .     SeeInvis .   a - +0 war axe
rCold    . . .     Gourm    .   c - +0 kite shield
rNeg     . . .     Faith    .   j - +0 plate armour
rPois    .         Spirit   .   (no helmet)
rElec    .         Reflect  .   (no cloak)
rCorr    .         Harm     .   (no gloves)
MR       .....                  (no boots)
Stlth    ..........             (no amulet)
HPRegen  0.00/turn              (no ring)
MPRegen  0.08/turn              (no ring)

@: non-regenerating
A: damage resistance, heal wounds, sense surroundings 1, no regeneration
a: Heal Wounds


You were on level 4 of the Dungeon.
You were not hungry.

You visited 2 branches of the dungeon, and saw 5 of its levels.

You collected 85 gold pieces.
You spent 78 gold pieces at shops.

Inventory:

Hand Weapons
 a - a +0 war axe (weapon)
Armour
 c - a +0 kite shield (worn)
 j - a +0 plate armour (worn)
Wands
 b - a wand of iceblast (5)
 l - a wand of digging (9) {@V2}
Scrolls
 n - a scroll of fear {unknown}
Potions
 d - a potion of might {@q3}
 g - 2 potions of brilliance {unknown}
 h - a potion of agility {@q5}
 i - a potion of cancellation
 k - a potion of degeneration
 m - a potion of lignification {@q7}
Comestibles
 e - a ration
 f - 7 chunks of flesh


   Skills:
 + Level 3.3 Fighting
 * Level 4.1 Axes
 + Level 4.0 Armour
 + Level 2.0 Dodging
 + Level 4.1 Shields


You had 4 spell levels left.
You didn't know any spells.
Your spell library was empty.

Dungeon Overview and Level Annotations

Branches:
Dungeon (4/15)             Temple (1/1) D:4

Altars:
Ashenzari
Dithmenos
Elyvilon
Fedhas
Gozag
Kikubaaqudgha
Nemelex Xobeh
Ru
Yredelemnul
Zin

Shops:
D:4 *


Innate Abilities, Weirdness & Mutations

You are resistant to damage.
You can heal yourself by infusing magical energy.
You passively map a small area around you.
You do not regenerate.


Message History

The giant cockroach bites you but does no damage.
You hit the giant cockroach.
You kill the giant cockroach!
You barely miss the ogre.
The ogre hits you with a +0 giant spiked club.
You closely miss the ogre. You hit the quokka. The quokka bites you.
The ogre hits you with a +0 giant spiked club!
You hit the quokka.
You kill the quokka!
You hit the ogre. The ogre completely misses you.
Your shield and plate armour prevent you from hitting the ogre.
The ogre is lightly wounded.
You closely miss the worker ant.
The worker ant bites you but does no damage.
The worker ant barely misses you.
The ogre hits you with a +0 giant spiked club!
There are monsters nearby!
You hit the ogre.
The ogre is lightly wounded.
You hit the worker ant. You block the worker ant's attack.
The ogre hits you with a +0 giant spiked club!!
* * * LOW HITPOINT WARNING * * *
The worker ant barely misses you.
You are too injured to fight recklessly!
You are too injured to fight recklessly!
You are too injured to fight recklessly!
You are too injured to fight recklessly!
You are too injured to fight recklessly!
You are too injured to fight recklessly!
You fail to use your ability.
The worker ant bites you but does no damage.
The ogre hits you with a +0 giant spiked club.
* * * LOW HITPOINT WARNING * * *
You are too injured to fight recklessly!
You are too injured to fight recklessly!
You are too injured to fight recklessly!
You are too injured to fight recklessly!
You are too injured to fight recklessly!
You are too injured to fight recklessly!
You feel much better. You block the worker ant's attack.
Your magical essence is drained by the effort!
You feel much better. The worker ant bites you.
The ogre hits you with a +0 giant spiked club!
You hit the ogre but do no damage.
The ogre is lightly wounded.
You hit the worker ant but do no damage.
The worker ant bites you but does no damage.
The ogre hits you with a +0 giant spiked club!!
Ouch! That really hurt!
You block the worker ant's attack.
You are too injured to fight recklessly!
You are too injured to fight recklessly!
You are too injured to fight recklessly!
You are too injured to fight recklessly!
You are too injured to fight recklessly!
You are too injured to fight recklessly!
You are too injured to fight recklessly!
You are too injured to fight recklessly!
You are too injured to fight recklessly!
You are too injured to fight recklessly!
You feel much better. The worker ant barely misses you.
The ogre hits you with a +0 giant spiked club.
You feel much better. You block the worker ant's attack.
Your health is already full.
Your health is already full.
Your health is already full.
Your shield and plate armour prevent you from hitting the ogre.
The ogre is lightly wounded.
You hit the worker ant. The worker ant bites you.
The ogre hits you with a +0 giant spiked club!!
The worker ant bites you but does no damage.
Your shield and plate armour prevent you from hitting the worker ant.
The worker ant is moderately wounded.
Your shield and plate armour prevent you from hitting the ogre.
The ogre barely misses you.
The worker ant bites you but does no damage.
You hit the worker ant.
The worker ant is heavily wounded.
You hit the ogre but do no damage.
The worker ant bites you but does no damage.
The ogre hits you with a +0 giant spiked club!!
* * * LOW HITPOINT WARNING * * *
You block the worker ant's attack.
You are too injured to fight recklessly!
You are too injured to fight recklessly!
You are too injured to fight recklessly!
You are too injured to fight recklessly!
You are too injured to fight recklessly!
You are too injured to fight recklessly!
You are too injured to fight recklessly!
You are too injured to fight recklessly!
You are too injured to fight recklessly!
You are too injured to fight recklessly!
You feel much better.
The worker ant bites you but does no damage.
The ogre hits you with a +0 giant spiked club!!
* * * LOW HITPOINT WARNING * * *
You fail to use your ability.
The worker ant barely misses you.
The ogre hits you with a +0 giant spiked club!!
You die...

* ... #....... #., *..#
#....... #.# #.#
##....... ....,* #.###
##........ , .....
##...####......[.. *,
.....##..#.#..........[.
,,,
.....$..#....####.......
, ......O>.....#
######## ......†@.#..##
.......a.#....# * *
.........#.##.... #####
.........#.# ##### .....
.....<.....# #####
.........### .........#
.........# ,


You could see an ogre and a worker ant.

Vanquished Creatures
  Jessica (D:2)
  An iguana (D:4)
  A worker ant (D:4)
  4 adders
  3 oozes
  An adder skeleton (D:4)
  A worm (D:2)
  2 dart slugs
  3 orcs (D:4)
  A ball python (D:2)
  5 bats
  3 giant cockroaches
  4 goblins
  12 hobgoblins
  2 jackals (D:2)
  2 quokkas (D:4)
  5 frilled lizards
  A kobold (D:3)
  A quokka skeleton (D:4)
  A rat (D:1)
54 creatures vanquished.

Notes
Turn   | Place    | Note
-------+----------+-------------------------------------------
     0 | D:1      | EnegeticOcto the Deep Dwarf Fighter began the quest for the
                  | Orb.
     0 | D:1      | Reached XP level 1. HP: 20/20 MP: 1/1
    95 | D:1      | Reached XP level 2. HP: 27/27 MP: 2/2
   178 | D:2      | Reached skill level 1 in Dodging
   178 | D:2      | Reached XP level 3. HP: 25/33 MP: 3/3
   188 | D:2      | Found a white marble altar of Elyvilon.
   492 | D:2      | Noticed Jessica
   507 | D:2      | Killed Jessica
   507 | D:2      | Reached XP level 4. HP: 41/42 MP: 4/4
   843 | D:4      | Found a staircase to the Ecumenical Temple.
   855 | D:4      | Reached XP level 5. HP: 43/49 MP: 5/5
   872 | Temple   | Entered the Ecumenical Temple
  1022 | D:4      | Found Qaamah's Assorted Antiques.
  1040 | D:4      | Bought a scroll labeled QICKANAELAC for 27 gold pieces
  1040 | D:4      | Bought a scroll labeled QICKANAELAC for 27 gold pieces
  1040 | D:4      | Bought a murky yellow potion for 24 gold pieces
  1145 | D:4      | Noticed an ogre
  1164 | D:4      | Slain by an ogre

Levels and vault maps discovered:
D:1:      saegor_arrival_simple_a, layout_basic
D:2:      layout_basic, serial_curves, eino_curves_01, eino_curves_03,
          corexii_corridor_pit, elyvilon_altar_5, uniq_jessica
D:3:      layout_basic, first_ration
D:4:      layout_rooms, minmay_temple_entry_grid, serial_shops, shop
Temple:   nicolae_temple_figure_zero

Skill      XL: |  1  2  3  4  5 |
---------------+----------------+-----
Axes           | 3 4 |  4.1
Dodging        | 1 2 |  2.0
Fighting       | 3 |  3.3
Shields        | 4 |  4.1
Armour         | 4 |  4.0

Action                   |  1- 3 |  4- 6 || total
-------------------------+-------+-------++-------
Melee: War axe           |   112 |    92 ||   204
 Abil: Heal Wounds       |     1 |     6 ||     7
  Use: Scroll            |       |     5 ||     5
  Eat: Chunk             |       |     1 ||     1
Armor: Scale mail        |    34 |       ||    34
       Plate armour      |    28 |    62 ||    90
Dodge: Dodged            |    32 |    18 ||    50
Block: Kite shield       |    58 |    57 ||   115

Table legend:
 A = Non-vault XP
 B = Vault XP
 C = Vault XP percentage of total XP
 D = Non-vault monster count
 E = Vault monster count
 F = Vault count percentage of total count
                 A         B        C        D         E       F
            +---------+---------+-------+---------+---------+-------
      Total |     236 |      37 |  13.6 |      53 |       1 |   1.9
            +---------+---------+-------+---------+---------+-------
        D:1 |      22 |       0 |   0.0 |       9 |       0 |   0.0
        D:2 |      91 |      37 |  28.9 |      26 |       1 |   3.7
        D:3 |      24 |       0 |   0.0 |       7 |       0 |   0.0
        D:4 |      99 |       0 |   0.0 |      11 |       0 |   0.0
            +---------+---------+-------+---------+---------+-------
